 Dungeon Crawl Stone Soup version 0.23.0 (webtiles) character file.

Game seed: 11424172310356230708

361 Kondrat the Blocker (level 6, -4/48 HPs)
             Began as a Formicid Fighter on Feb 8, 2019.
             Slain by a thrashing horror (15 damage)
             ... on level 1 of the Abyss.
             The game lasted 00:14:01 (3837 turns).

Kondrat the Blocker (Formicid Fighter)              Turns: 3837, Time: 00:14:03

Health: -4/48      AC:  8    Str: 28    XL:     6   Next: 99%
Magic:  6/6        EV:  8    Int:  3    God:
Gold:   155        SH: 11    Dex:  6    Spells: 5/5 levels left

rFire    . . .     SeeInvis +   a - +1 quarterstaff
rCold    . . .     Gourm    .   c - +0 shield
rNeg     . . .     Faith    .   B - +0 chain mail
rPois    +         Spirit   .   (helmet unavailable)
rElec    .         Reflect  .   (no cloak)
rCorr    .         Harm     .   p - +1 pair of gloves
MR       .....                  v - +0 pair of boots
Stlth    ..........             (no amulet)
HPRegen  0.16/turn              (no ring)
MPRegen  0.10/turn              s - ring of poison resistance

@: mighty, lightly drained
A: permanent stasis, dig shafts and tunnels, four strong arms, antennae 3,
[blurry vision 2], [clumsy 2], [deformed body], [dopey 2], subdued magic 1[+2]
a: Dig, Shaft Self


You were on level 1 of the Abyss.
You were very hungry.

You visited 1 branch of the dungeon, and saw 5 of its levels.
You visited the Abyss 1 time.

You collected 245 gold pieces.
You spent 90 gold pieces at shops.

Inventory:

Hand Weapons
 a - a +1 quarterstaff (weapon)
 A - a +0 hand axe
Missiles
 y - a throwing net (quivered)
Armour
 c - a +0 shield (worn)
 p - a +1 pair of gloves (worn)
 v - a +0 pair of boots (worn)
 B - a +0 chain mail (worn)
Jewellery
 s - a ring of poison resistance (right hand)
Scrolls
 e - a scroll of identify
 j - a scroll of amnesia
 m - a scroll of enchant armour
 o - a scroll of enchant weapon
Potions
 l - 3 potions of curing
 w - a potion of brilliance
 z - 2 potions of flight
Comestibles
 f - 9 rations


   Skills:
 - Level 3.6(3.3) Fighting
 - Level 2.2(1.9) Staves
 - Level 3.9(3.6) Armour
 - Level 0.1(0.0) Dodging
 + Level 8.0(7.7) Shields


You had 5 spell levels left.
You didn't know any spells.
Your spell library contained the following spells:

 Spells                   Type           Power        Failure   Level  Hunger
 Shock                    Conj/Air       #...         98%         1    ##.....
 Swiftness                Chrm/Air       #.......     99%         2    ###....
 Static Discharge         Conj/Air       #.......     100%        3    ####...
 Airstrike                Air            #.........   100%        4    #####..
 Lightning Bolt           Conj/Air       #.........   100%        5    ######.


Dungeon Overview and Level Annotations

Branches:
Dungeon (5/15)
 Temple: D:4-7

Altars:
Xom
Zin


Innate Abilities, Weirdness & Mutations

You cannot be hasted, slowed, berserked, paralysed or teleported.
You can dig through walls and to a lower floor.
Your four strong arms can wield two-handed weapons with a shield.
You have a pair of large antennae on your head. (SInv)
[Scrolls take you longer to read.]
[You are very clumsy. (Dex -4)]
[Armour fits poorly on your strangely shaped body.]
[You are very dopey. (Int -4)]
[Your spells are much easier to cast, but much less powerful.]


Message History

* * * LOW HITPOINT WARNING * * *
The wretched star pulses with an eldritch light!
You feel clumsy. x2; Your body twists and deforms.
The thrashing horror barely misses you. The thrashing horror tramples you.
* * * LOW HITPOINT WARNING * * *
You hold your ground!
Okay, then.
The thrashing horror roars!
The thrashing horror barely misses you.
The thrashing horror tramples you but does no damage.
You feel yourself growing ill in the presence of the ancient zyme.
You barely miss the wretched star. You barely miss the wretched star.
The wretched star pulses with an eldritch light!
You feel stupid. x2
Your connection to magic feels more subdued.
Your connection to magic feels nearly dormant.
The neqoxec hits you but does no damage.
The thrashing horror tramples you!
You die...

###
##.#####
##..#...#
#...X.#
###@3.# #
# .##*.#.#
.
##{#X#..#
#..#...#.#
#.x#. ..#
. ##.#..#
.. .
#.#...#..
. #.
.#..*. ...
. ##. .
...# .


You could see a wretched star, an ancient zyme, a thrashing horror, a large
abomination and a neqoxec.

Vanquished Creatures
  2 crimson imps (D:3)
  A hound (D:4)
  An orc priest (D:4)
  A jelly (D:5)
  An orc wizard (D:4)
  A worker ant (D:4)
  3 gnolls (D:4)
  3 adders
  2 worms
  3 dart slugs
  2 leopard geckos
  8 orcs (D:4)
  2 giant cockroaches
  7 goblins
  9 hobgoblins
  7 jackals
  2 quokkas
  6 bats
  5 frilled lizards
  10 kobolds
  A quokka skeleton (D:4)
  9 rats
86 creatures vanquished.

Vanquished Creatures (others)
  A small abomination (Abyss:1)
1 creature vanquished.

Grand Total: 87 creatures vanquished

Notes
Turn   | Place    | Note
-------+----------+-------------------------------------------
     0 | D:1      | Kondrat the Formicid Fighter began the quest for the Orb.
     0 | D:1      | Reached XP level 1. HP: 18/18 MP: 1/1
    32 | D:1      | Reached XP level 2. HP: 21/24 MP: 2/2
    67 | D:1      | You fall through a shaft!
    88 | D:2      | Reached skill level 4 in Shields
   195 | D:2      | Reached XP level 3. HP: 28/29 MP: 3/3
  1007 | D:1      | Reached XP level 4. HP: 33/37 MP: 4/4
  1653 | D:3      | Reached skill level 5 in Shields
  1909 | D:3      | Found a shimmering altar of Xom.
  1963 | D:3      | Noticed an ogre
  2001 | D:2      | You fall through a shaft for 2 floors!
  2014 | D:4      | Reached XP level 5. HP: 28/42 MP: 5/5
  2169 | D:4      | Reached skill level 6 in Shields
  2263 | D:4      | Noticed an ogre
  2293 | D:5      | Entered Level 5 of the Dungeon
  2579 | D:4      | Reached XP level 6. HP: 21/48 MP: 6/6
  2793 | D:4      | Reached skill level 7 in Shields
  3340 | D:3      | Found Zin's Purification Station.
  3355 | D:3      | Found a glowing silver altar of Zin.
  3359 | D:3      | Bought a potion of curing for 90 gold pieces
  3493 | D:3      | Reached skill level 8 in Shields
  3516 | D:3      | Cast into level 1 of the Abyss (crimson imp)
  3794 | Abyss:1  | Noticed a large abomination
  3800 | Abyss:1  | Noticed a neqoxec
  3801 | Abyss:1  | Noticed a thrashing horror
  3802 | Abyss:1  | Gained mutation: [Your spells are a little easier to cast,
                  | but a little less powerful.] [a neqoxec]
  3810 | Abyss:1  | Noticed an ancient zyme
  3814 | Abyss:1  | Noticed a large abomination
  3827 | Abyss:1  | Noticed a wretched star
  3837 | Abyss:1  | Slain by a thrashing horror

Skill      XL: |  1  2  3  4  5  6 |
---------------+-------------------+-----
Shields        | 4 5 6 8 |  8.0
Fighting       | |  3.6
Staves         | |  2.2
Armour         | |  3.9
Dodging        | |  0.1

Action                   |  1- 3 |  4- 6 || total
-------------------------+-------+-------++-------
Melee: Quarterstaff      |    77 |   280 ||   357
 Abil: Shaft Self        |     1 |     1 ||     2
       Dig               |       |    12 ||    12
  Use: Scroll            |       |    13 ||    13
       Potion            |       |     3 ||     3
  Eat: Chunk             |     1 |    10 ||    11
Armor: Scale mail        |    28 |    70 ||    98
       Chain mail        |       |    48 ||    48
Dodge: Dodged            |    25 |    82 ||   107
Block: Shield            |    37 |   138 ||   175
